 Dungeon Crawl Stone Soup version 0.31-a0-1098-g6898e6545c (webtiles) character file.

Game seed: 10276187872020874126

3610 Descartes the Earth Mage (level 10, 0/94 HPs)
             Began as a Formicid Earth Elementalist on Nov 30, 2023.
             Was an Initiate of Gozag.
             Slain by a two-headed ogre
             ... wielding a +0 giant club
              (7 damage)
             ... on level 7 of the Dungeon.
             The game lasted 00:22:41 (8823 turns).

Descartes the Earth Mage (FoEE)                     Turns: 8823, Time: 00:22:42

Health: 0/94       AC: 25    Str: 17    XL:     10   Next: 32%
Magic:  14/17      EV:  2    Int: 15    God:    Gozag
Gold:   732        SH:  0    Dex: 14    Spells: 15/19 levels left

rFire   . . .        a - staff of earth
rCold   . . .        (no shield)
rNeg    . . .        z - melded +4 ring mail of Panentheism {Dex+3}
rPois   +            (helmet unavailable)
rElec   .            (cloak currently unavailable)
rCorr   .            (gloves currently unavailable)
SInv    .            d - melded +0 pair of boots
Will    +....        (no amulet)
Stlth   ++           (no ring)
HPRegen 0.35/turn    (no ring)
MPRegen 0.15/turn

%: no passive effects
@: mighty, tree-form, attractive
A: stationary, stasis, torment immunity, boosted hp, permanent stasis, dig
shafts and tunnels, (antennae 3), four strong arms
a: Renounce Religion, Potion Petition, Call Merchant, Bribe Branch


You were on level 7 of the Dungeon.
You worshipped Gozag.
Gozag was pleased with you.
You were a tree.
You visited 2 branches of the dungeon, and saw 9 of its levels.

You collected 826 gold pieces.
You spent 39 gold pieces at shops.
You paid 55 gold pieces to Gozag.

Inventory:

Hand Weapons
 v - a +0 vampiric short sword
 w - a +2 mace of holy wrath
Missiles
 f - 6 poisoned darts
 l - 5 datura-tipped darts
 E - 5 boomerangs
Armour
 c - a +0 chain mail of fire resistance
 d - a +0 pair of boots (melded)
 z - the +4 ring mail of Panentheism (melded) {Dex+3}
   (You found it on level 5 of the Dungeon)

   Dex+3:     It affects your dexterity (+3).
Magical Staves
 a - a staff of earth (weapon)
Wands
 x - a wand of light (14)
 A - a wand of polymorph (15)
Scrolls
 e - a scroll of silence {unknown}
 i - 2 scrolls of enchant armour {unknown}
 j - 7 scrolls of identify {unknown}
 k - 2 scrolls of fear {unknown}
 n - 2 scrolls of poison {unknown}
 o - 4 scrolls of teleportation {unknown}
 q - a scroll of acquirement {unknown}
 y - a scroll of fog {unknown}
 B - 4 scrolls of revelation {unknown}
 D - a scroll of enchant weapon {unknown}
Potions
 b - a potion of magic
 h - 5 potions of curing
 m - a potion of lignification
 p - a potion of degeneration {unknown}
 r - a potion of heal wounds {unknown}
 s - 2 potions of might
 t - a potion of mutation {unknown}
 u - a potion of attraction
 C - a potion of resistance {unknown}


   Skills:
 - Level 5.0 Armour
 - Level 1.7 Dodging
 - Level 2.4 Stealth
 - Level 5.0 Spellcasting
 - Level 1.1 Transmutations
 + Level 15.1 Earth Magic


You had 15 spell levels left.
You knew the following spells:

 Your Spells              Type           Power      Damage    Failure   Level
a - Stone Arrow           Conj/Erth      78%        3d11      2%          3
b - Sandblast             Erth           100%       2d20      1%          1

Your spell library contained the following spells:

 Spells                   Type           Power      Damage    Failure   Level
 Passwall                 Tmut/Erth      35%        N/A       1%          2
 Petrify                  Tmut/Erth      42%        N/A       6%          4
 Brom's Barrelling Bould  Conj/Erth      39%        2d6       8%          4
 Leda's Liquefaction      Hex/Erth       19%        N/A       8%          4
 Necrotise                Necr           12%        1d4       16%         1
 Slow                     Hex            12%        N/A       16%         1
 Borgnjor's Vile Clutch   Necr/Erth      19%        N/A       21%         5
 Call Canine Familiar     Summ           3%         N/A       43%         3
 Confusing Touch          Hex            3%         N/A       43%         3
 Gell's Gravitas          Tloc           3%         N/A       43%         3
 Mephitic Cloud           Conj/Pois/Air  3%         N/A       43%         3
 Sigil of Binding         Hex            3%         N/A       43%         3
 Teleport Other           Tloc           3%         N/A       43%         3
 Vampiric Draining        Necr           3%         2d6       43%         3
 Dimensional Bullseye     Hex/Tloc       1%         N/A       85%         4
 Alistair's Intoxication  Tmut/Pois      3%         N/A       98%         5
 Agony                    Necr           3%         N/A       99%         5
 Dispersal                Tloc           1%         N/A       100%        6
 Eringya's Noxious Bog    Tmut/Pois      2%         4d6       100%        6
 Haunt                    Necr/Summ      1%         N/A       100%        7
 Borgnjor's Revivificati  Necr           1%         N/A       100%        8
 Death's Door             Necr           1%         N/A       100%        9


Dungeon Overview and Level Annotations

Branches:
Dungeon (8/15)             Temple (1/1) D:5
   Lair: D:8-11

Altars:
Cheibriados
Dithmenos
Elyvilon
Fedhas
Gozag
Kikubaaqudgha
Nemelex Xobeh
Qazlal
Ru
Uskayaw
Wu Jian
Xom
Zin

Shops:
D:5 *   D:6 ?:*(*=

Annotations:
D:8 3 runed translucent doors, TheSeeker391's ghost, novice HOFi; Tomate's ghost, novice DsBe


Innate Abilities, Weirdness & Mutations

You are a tree.
Your roots penetrate the ground, keeping you stationary.
You cannot be teleported.
You are immune to unholy pain and torment.
Your maximum health is greatly increased.
Your equipment is partially melded.
You cannot be hasted, slowed, berserked, paralysed or teleported.
You can dig through walls and to a lower floor.
((You have a pair of large antennae on your head. (SInv)))
Your four strong arms can wield two-handed weapons with a shield.


Message History

Level annotation: 3 runed translucent doors, TheSeeker391's ghost, novice HOFi; Tomate's ghost, novice DsBe The two-headed ogre hits you with a +0 giant club!
The two-headed ogre hits you but does no damage.
There is a stone staircase leading up, spattered with blood here.
The two-headed ogre hits you with a +0 giant club! x2
You climb upwards.
There is a stone staircase leading down here.
Casting: Stone Arrow (dangerous; 3% risk of failure)
Confirm with . or Enter, or press ? or * to list all spells.
Aiming: Stone Arrow (dangerous; 3% risk of failure)
Press: ? - help, Shift-Dir - straight line, f - two-headed ogre
Aim: a two-headed ogre, wielding two +0 giant clubs (88% to hit)
You feel a surge of power!
The stone arrow hits the two-headed ogre.
The two-headed ogre is lightly wounded.
The two-headed ogre completely misses you.
The two-headed ogre hits you with a +0 giant club!
* * * LOW HITPOINT WARNING * * *
Unknown command.
It was a potion of might.
You feel very mighty all of a sudden.
You hit the two-headed ogre.
You shatter the two-headed ogre.
The two-headed ogre is lightly wounded.
The two-headed ogre hits you with a +0 giant club!
* * * LOW HITPOINT WARNING * * *
The two-headed ogre closely misses you.
It was a potion of lignification.
You turn into a tree.
Your +0 pair of boots melds into your body.
The +4 ring mail of Panentheism {Dex+3} melds into your body.
Your roots penetrate the ground.
The two-headed ogre hits you with a +0 giant club.
* * * LOW HITPOINT WARNING * * *
The two-headed ogre hits you but does no damage.
It was a potion of attraction.
You feel attractive to monsters.
It was a potion of haste.
Your stasis prevents you from being hasted.
The two-headed ogre hits you with a +0 giant club!
You die...
Your body crumbles into a pile of gold.

.....).......~≈~≈~≈~.....#
#).......................#
#........................#
#......[.......##.#......#
##..........[...#........#
###......................#
# #########............###
# #.....O>.....#
#.....♣......#
##..........##
##...##...## ##########


You could see a two-headed ogre.

Vanquished Creatures
  Maggie (D:8)
  A steam dragon (D:6)
  2 water moccasins
  2 ice beasts
  An orc warrior (D:7)
  A sky beast (D:7)
  3 black bears
  4 phantoms
  A kobold brigand (D:8)
  A bullfrog (D:8)
  2 wyvern zombies (D:6)
  4 scorpions
  3 water moccasin zombies (D:6)
  4 wights (D:6)
  7 bullfrog zombies (D:6)
  3 hounds
  3 orc priests
  3 bullfrog skeletons (D:6)
  A centaur skeleton (D:6)
  A gnoll bouda (D:6)
  4 sleepcaps
  3 iguanas
  3 orc wizards
  2 howler monkey zombies (D:6)
  3 gnolls (D:6)
  19 adders
  A white imp (D:7)
  4 ufetubi
  3 worms
  2 dart slugs
  30 orcs
  10 endoplasms
  3 giant cockroaches
  10 goblins
  7 hobgoblins
  10 kobolds
  3 quokkas
  7 ball pythons
  7 bats
  6 frilled lizards
  6 rats
191 creatures vanquished.

Notes
Turn   | Place    | Note
-------+----------+-------------------------------------------
     0 | D:1      | Descartes the Formicid Earth Elementalist began the quest
                  | for the Orb.
     0 | D:1      | Reached XP level 1. HP: 13/13 MP: 3/3
   278 | D:1      | Reached skill level 4 in Earth Magic
   289 | D:1      | Reached XP level 2. HP: 19/19 MP: 1/5
   590 | D:1      | Reached XP level 3. HP: 23/24 MP: 6/6
  1232 | D:2      | Reached skill level 5 in Earth Magic
  1960 | D:2      | Reached XP level 4. HP: 30/30 MP: 5/7
  2247 | D:3      | Reached skill level 6 in Earth Magic
  2350 | D:3      | Reached XP level 5. HP: 35/35 MP: 1/8
  2504 | D:3      | Learned a level 3 spell: Stone Arrow
  3034 | D:4      | Noticed a black bear
  3037 | D:4      | Reached skill level 7 in Earth Magic
  3039 | D:4      | Killed a black bear
  3040 | D:4      | Reached XP level 6. HP: 41/41 MP: 4/9
  3108 | D:4      | Got the Grimoire of the Ashen Cure
  3118 | D:4      | Noticed a water moccasin
  3122 | D:4      | Killed a water moccasin
  3123 | D:4      | Reached skill level 8 in Earth Magic
  3299 | D:4      | Reached XP level 7. HP: 46/46 MP: 6/10
  3302 | D:4      | Reached skill level 9 in Earth Magic
  4048 | D:5      | Entered Level 5 of the Dungeon
  4065 | D:5      | Reached skill level 10 in Earth Magic
  4416 | D:5      | Reached skill level 1 in Armour
  4416 | D:5      | Reached XP level 8. HP: 45/52 MP: 7/11
  4513 | D:5      | Found Pemief's Serpentskin Sales.
  4841 | D:5      | Found a staircase to the Ecumenical Temple.
  4994 | Temple   | Entered the Ecumenical Temple
  5006 | Temple   | Became a worshipper of Gozag Ym Sagoz the Greedy
  5064 | D:5      | Identified the +4 ring mail of Panentheism {Dex+3}
  5200 | D:6      | Found Meatrec's Magic Scroll Shop.
  5227 | D:6      | Reached skill level 11 in Earth Magic
  5374 | D:6      | Reached XP level 9. HP: 38/57 MP: 12/15
  5597 | D:6      | Reached skill level 5 in Spellcasting
  5599 | D:6      | Reached skill level 5 in Armour
  5679 | D:6      | Reached skill level 12 in Earth Magic
  6448 | D:6      | Reached skill level 13 in Earth Magic
  6585 | D:6      | Found Ymatorig's Jewellery Shop.
  6592 | D:6      | Found a shadowy altar of Dithmenos.
  6753 | D:6      | Found Gepodwoll's General Store.
  6767 | D:6      | Found Pashuum's Antique Weapon Shoppe.
  6780 | D:6      | Found Muav's General Store.
  6905 | D:6      | Bought a potion of curing for 39 gold pieces
  6918 | D:6      | Found Poenk's Tiny Tomes.
  7339 | D:7      | Reached XP level 10. HP: 63/63 MP: 11/17
  7576 | D:7      | Reached skill level 14 in Earth Magic
  7887 | D:7      | Found a sparkling altar of Nemelex Xobeh.
  8401 | D:8      | Found a sacrificial altar of Ru.
  8497 | D:8      | Found a runed translucent gate.
  8497 | D:8      | Found a runed translucent gate.
  8497 | D:8      | Found a runed translucent gate.
  8498 | D:8      | Noticed TheSeeker391's ghost (novice HOFi)
  8499 | D:8      | Noticed Tomate's ghost (novice DsBe)
  8569 | D:8      | Noticed Maggie
  8576 | D:8      | Killed Maggie
  8577 | D:8      | Reached skill level 15 in Earth Magic
  8591 | D:8      | Noticed a two-headed ogre
  8823 | D:7      | Slain by a two-headed ogre

Illustrated notes

Levels and vault maps discovered:
D:1:      wander_arrival_lonely_grave, layout_basic, minmay_vboxes
D:2:      layout_loops_ring
D:3:      minmay_spotlight, layout_rooms
D:4:      layout_basic
D:5:      layout_gridville, minmay_temple_entry_enclosed_plants,
          hangedman_abyss_or_decor_lesser_grid, minivault_14,
          guppyfry_shop_venom
D:6:      layout_basic, grunt_dithmenos_smoke, serial_undead, serial_undead_f,
          serial_undead_d, serial_undead_d, serial_undead_e, serial_undead_f,
          serial_undead_d, serial_undead_a, serial_shops,
          nicolae_shop_advertising_works [nicolae_subvault_shop_adworks], shop,
          shop, shop, nicolae_shop_tiny_glass, small_statue_intersection,
          nicolae_shop_i_like_small_books_too, minivault_27
D:7:      layout_rooms, nemelex_spade_bored_becter, enter_bailey_4, minivault_5
D:8:      layout_loops_ring, nicolae_ru_awakened_eye, gammafunk_ghost_cemetery,
          minmay_liquid_box, nicolae_benzene_ring, nicolae_shop_fire_sale
          [nicolae_sub_dead_trees], uniq_maggie
Temple:   hellmonk_temple_rainy

Skill      XL: |  1  2  3  4  5  6  7  8  9 10 |
---------------+-------------------------------+-----
Earth Magic    | 4 5 6 7 8 10 11 13 15 | 15.1
Armour         | 1 4 5 |  5.0
Spellcasting   | 4 5 |  5.0
Dodging        | |  1.7
Stealth        | |  2.4
Transmutations | |  1.1

Action                     |  1- 3 |  4- 6 |  7- 9 | 10-12 || total
---------------------------+-------+-------+-------+-------++-------
  Melee: Short sword       |   124 |       |       |       ||   124
         Staff             |       |       |     4 |     1 ||     5
         Punch             |       |       |     2 |       ||     2
   Cast: Sandblast         |    23 |    53 |   137 |    31 ||   244
         Stone Arrow       |       |       |    20 |    24 ||    44
    Use: Potion            |       |       |       |     4 ||     4
 Armour: Scale mail        |   100 |    12 |    61 |       ||   173
         Ring mail         |       |       |     4 |    26 ||    30
         Skin              |       |       |       |     3 ||     3
  Dodge: Dodged            |    64 |     7 |    29 |    15 ||   115

Table legend: (Time is in decaauts)
 A = Elapsed time spent in this place.
 B = Non-inter-level travel time spent in this place.
 C = Inter-level travel time spent in this place.
 D = Time resting spent in this place.
 E = Time spent auto-exploring this place.
 F = Levels seen in this place.
 G = Mean time per level.
                   A        B        C        D        E       F      G
               +--------+--------+--------+--------+--------+-----+--------+
         Total |   8953 |   8445 |    508 |     16 |   7135 |   9 |  994.8 |
       Dungeon |   8928 |   8431 |    497 |     16 |   7135 |   8 | 1116.0 |
        Temple |     24 |     13 |     11 |      0 |      0 |   1 |   24.0 |
               +--------+--------+--------+--------+--------+-----+--------+

Top non-repeatable levels by time:
     D:6: 1958 daAuts
     D:5: 1236 daAuts
     D:1: 1218 daAuts
     D:4: 1114 daAuts
     D:7: 1091 daAuts
     D:2: 1056 daAuts
     D:3: 754 daAuts
     D:8: 498 daAuts
  Temple: 24 daAuts
